Map: Blackpink LE

Players

Hewie - Winner!

  • Race: Zerg Zerg
  • League: Diamond
  • Spawn Location: 1:00

Desolation

  • Race: Zerg Zerg
  • League: Diamond
  • Spawn Location: 7:00

VOD

Have the link to the VOD?

Description

Time

  • Played on: Nov. 23, 2017, 12:47 p.m.
  • Length: 16:57
Show
View Real Time Build Order
Export as new Build Order

Hewie Zerg - Winner!

Build Orders: Hatch First, Zergling Baneling 

Get SALT Encoding   

  12  0:00  Drone  
  13  0:09  Drone  
  14  0:16  Overlord  
  14  0:27  Drone, Extractor  
  15  0:37  Drone  
  15  0:38  Drone  
  17  0:54  Hatchery  
  16  0:58  Drone  
  16  1:02  Drone, Extractor  
  17  1:19  Spawning Pool  
  17  1:22  Drone  
  17  1:25  Drone  
  17  1:28  Drone  
  19  1:37  Overlord  
  19  2:06  Metabolic Boost  
  19  2:07  Zergling x6  
  22  2:08  Queen  
  22  2:14  Queen  
  26  2:23  Drone x2  
  28  2:31  Drone  
  28  2:32  Drone x2  
  31  2:42  Overlord  
  31  2:49  Queen  
  30  3:06  Zergling x10  
  35  3:14  Zergling x2  
  35  3:17  Drone  
  35  3:18  Baneling Nest  
  36  3:31  Zergling x12  
  42  3:40  Drone x2  
  38  4:03  Zergling x12  
  38  4:05  Baneling x3  
  38  4:08  Overlord x2  
  43  4:19  Baneling x2  
  42  4:30  Zergling x12  
  43  4:47  Zergling x4  
  45  4:56  Baneling  
  45  4:57  Baneling x2  
  45  5:02  Zergling x4  
  39  5:14  Zergling x2  
  39  5:15  Zergling x6  
  42  5:32  Zergling x2  
  42  5:33  Zergling x10  
  47  5:41  Zergling x4  
  49  5:46  Zergling x4  
  48  5:54  Baneling  
  48  5:55  Baneling x3  
  48  6:08  Zergling x12  
  54  6:16  Baneling  
  54  6:25  Zergling x18  
  53  6:50  Zergling x8  
  47  6:56  Zergling x6  
  47  6:59  Baneling x5  
  47  7:11  Queen  
  47  7:12  Queen  
  43  7:23  Zergling x18  
  43  7:27  Spore Crawler  
  43  7:29  Spore Crawler  
  47  7:30  Spore Crawler  
  46  7:38  Zergling x10  
  51  7:53  Zergling x10  
  51  7:58  Baneling x3, Zergling x2  
  41  8:27  Zergling x2  
  41  8:28  Zergling x16  
  41  8:31  Baneling x3  
  47  8:41  Zergling x4  
  44  9:02  Drone x4  
  48  9:03  Hatchery  
  48  9:05  Extractor  
  48  9:06  Extractor  
  40  9:10  Baneling x3  
  36  9:18  Zergling x10  
  36  9:21  Drone  
  41  9:41  Drone x6  
  46  9:45  Lair  
  46  9:49  Zergling x4  
  44  10:04  Hatchery, Zergling x2  
  44  10:05  Zergling x8  
  47  10:14  Zergling x10  
  50  10:29  Queen  
  50  10:31  Zergling x2  
  50  10:32  Zergling x4  
  49  10:37  Baneling x2  
  49  10:38  Baneling x2  
  49  10:48  Zergling x2  
  49  10:49  Zergling x16  
  53  11:02  Overlord x2  
  52  11:12  Overlord x2  
  52  11:19  Overlord  
  52  11:20  Queen  
  54  11:39  Drone x5  
  59  11:45  Extractor  
  58  11:51  Spire  
  58  11:53  Spore Crawler  
  56  11:55  Baneling  
  56  11:57  Hatchery  
  49  12:23  Drone x8  
  57  12:49  Queen x3  
  63  12:56  Extractor  
  63  12:57  Extractor  
  61  13:01  Zergling x2  
  61  13:02  Zergling x16  
  67  13:10  Zergling x2  
  60  13:28  Mutalisk x10  
  60  13:30  Zergling x4  
  81  13:39  Zergling x2  
  81  13:41  Overlord x3  
  82  13:43  Baneling x3  
  82  14:00  Mutalisk x3  
  87  14:15  Mutalisk x2  
  91  14:18  Zergling x18  
  91  14:22  Drone  
  91  14:23  Drone  
  102  14:26  Drone  
  102  14:27  Drone  
  93  15:02  Mutalisk  
  93  15:03  Mutalisk x5  
  103  15:07  Zergling x6  
  102  15:16  Zergling x8  
  106  15:23  Baneling x8  
  103  15:34  Zergling x2  
  103  15:35  Zergling x8  
  100  15:37  Drone  
  101  15:43  Drone x2  
  94  16:12  Zergling x16  
  100  16:21  Mutalisk x2  
  104  16:27  Overlord x4  
Show
View Real Time Build Order
Export as new Build Order

Desolation Zerg 

Build Orders: Hatch First, Zergling Baneling 

Get SALT Encoding   

  12  0:01  Drone  
  13  0:12  Overlord  
  13  0:20  Drone  
  14  0:30  Drone x2  
  14  0:35  Drone  
  17  0:46  Drone  
  18  1:01  Hatchery, Drone  
  18  1:07  Drone  
  19  1:19  Extractor  
  19  1:20  Drone  
  19  1:23  Spawning Pool  
  18  1:30  Drone  
  19  1:39  Drone  
  20  1:52  Drone  
  21  2:02  Overlord  
  21  2:18  Queen  
  21  2:19  Queen  
  25  2:23  Overlord, Zergling x2  
  25  2:24  Drone  
  25  2:26  Metabolic Boost  
  25  2:29  Drone, Extractor  
  27  2:36  Zergling x4  
  29  2:44  Zergling x2, Baneling Nest  
  29  2:46  Zergling x2  
  30  2:56  Spine Crawler  
  29  3:02  Zergling x4  
  31  3:09  Overlord  
  31  3:17  Drone x2  
  31  3:19  Drone  
  34  3:35  Lair  
  34  3:37  Baneling  
  34  3:38  Baneling x2  
  33  3:42  Drone  
  34  3:54  Baneling x2  
  32  4:00  Baneling  
  31  4:03  Baneling  
  31  4:05  Drone x2  
  31  4:06  Drone  
  31  4:07  Drone, Zergling x4  
  31  4:08  Zergling x2  
  38  4:12  Baneling x2  
  37  4:19  Baneling  
  35  4:31  Zergling x4  
  35  4:32  Drone x3, Zergling x4  
  35  4:33  Zergling x2  
  43  4:40  Zergling x4  
  45  4:48  Zergling x8  
  43  4:55  Baneling x4  
  43  4:56  Baneling  
  43  5:01  Zergling x4  
  35  5:16  Zergling x6  
  35  5:17  Zergling x4  
  40  5:22  Zergling x6  
  40  5:23  Zergling x2  
  40  5:28  Zergling x2  
  37  5:39  Zergling x2  
  37  5:40  Zergling x2  
  38  5:59  Spire, Baneling x2  
  38  6:00  Baneling  
  34  6:05  Baneling  
  34  6:07  Queen  
  34  6:09  Zergling x4  
  34  6:10  Zergling x4  
  37  6:26  Zergling x10  
  37  6:28  Zergling x2  
  38  6:35  Zergling x2  
  38  6:36  Zergling x2  
  35  6:52  Zergling x6  
  32  6:56  Baneling x2  
  32  6:58  Drone x2  
  32  6:59  Baneling x2  
  33  7:05  Zergling x2  
  23  7:30  Zergling x2  
  23  7:31  Zergling x8  
  23  7:33  Zergling x2  
  29  7:37  Zergling x2  
  29  7:42  Mutalisk  
  32  7:47  Zergling x2  
  32  7:51  Zergling x2  
  33  8:00  Baneling x3  
  33  8:01  Baneling  
  32  8:06  Baneling  
  32  8:07  Baneling  
  32  8:08  Zergling x4  
  29  8:15  Zergling x2  
  29  8:26  Zergling x4  
  29  8:27  Drone x2  
  29  8:31  Baneling x2  
  29  8:43  Baneling  
  27  8:50  Zergling x4  
  27  8:51  Baneling  
  27  8:52  Drone x2  
  31  8:59  Zergling x4  
  31  9:00  Zergling x2  
  32  9:17  Zergling x4  
  32  9:19  Baneling x2  
  33  9:24  Baneling  
  33  9:25  Queen  
  33  9:29  Baneling  
  34  9:42  Drone  
  34  9:43  Zergling x10  
  34  9:44  Zergling x2  
  40  9:45  Baneling  
  40  9:46  Baneling x2  
  40  9:48  Baneling  
  40  9:49  Baneling  
  39  10:09  Drone x3, Zergling x4  
  44  10:16  Hydralisk Den  
  41  10:39  Drone x2  
  41  10:40  Baneling x3  
  42  10:53  Extractor  
  42  10:54  Extractor  
  39  11:03  Muscular Augments  
  38  11:04  Hydralisk x2  
  38  11:05  Zergling x6  
  38  11:06  Zergling x2  
  46  11:13  Drone x5  
  49  11:36  Baneling  
  49  11:37  Drone x2  
  49  11:39  Baneling x2  
  51  11:40  Baneling x3  
  51  11:41  Baneling  
  51  11:59  Overlord x2  
  50  12:13  Baneling  
  49  12:16  Baneling  
  49  12:21  Drone x3  
  52  12:33  Hatchery  
  51  12:40  Zergling x6  
  51  12:41  Zergling x14  
  51  12:42  Zergling x6  
  51  12:43  Baneling  
  51  12:44  Baneling  
  60  13:09  Zergling x2  
  60  13:12  Drone x3  
  63  13:17  Spine Crawler  
  59  13:31  Hydralisk x4  
  66  13:43  Hydralisk  
  66  13:44  Overlord x2  
  66  13:46  Queen  
  70  13:57  Drone x2  
  70  13:58  Baneling  
  70  13:59  Baneling x3  
  72  14:05  Spine Crawler  
  54  14:11  Hydralisk x2  
  58  14:24  Hydralisk x3  
  58  14:28  Overlord  
  64  14:38  Hydralisk x2  
  64  14:47  Hydralisk x2  
  64  14:51  Drone  
  66  14:57  Drone x2  
  66  14:58  Drone  
  57  15:10  Hydralisk  
  57  15:11  Hydralisk  
  57  15:13  Hydralisk  
  59  15:19  Drone x2  
  61  15:31  Hydralisk x2  
  61  15:37  Hydralisk  
  63  15:48  Queen  
  63  15:49  Hydralisk  
  38  16:23  Hydralisk  
  38  16:24  Hydralisk x7  
Tags
 
Add a new tag
Caveats
  • Supply blocks, unpowered buildings, or Contaminate may cause inaccurate times.
  • Supply counts are checked every 10 seconds.